 Dungeon Crawl Stone Soup version 0.29.1-15-g9cfb28693d (webtiles) character file.

Game seed: 1608406086591920478

898 senseless the Sneak (level 8, -2/46 HPs)
             Began as an Octopode Fire Elementalist on Apr 24, 2023.
             Slain by an ice beast (4 damage)
             ... on level 5 of the Dungeon.
             The game lasted 00:10:37 (5892 turns).

senseless the Sneak (Octopode Fire Elementalist)    Turns: 5892, Time: 00:10:38

Health: -2/46      AC:  1    Str:  7    XL:     8   Next: 7%
Magic:  14/14      EV: 14    Int: 20    God:
Gold:   265        SH:  0    Dex: 12    Spells: 8/15 levels left

rFire   . . .      SeeInvis +   v - +2 dagger (holy)
rCold   . . .      Faith    .   (no shield)
rNeg    . . .      Spirit   .   (helmet restricted)
rPois   .          Reflect  .   (no amulet)
rElec   .          Harm     .   n - ring of see invisible
rCorr   .          Rampage  .   (no ring)
Will    .....                   (no ring)
Stlth   ++++......              (no ring)
HPRegen 0.15/turn               (no ring)
MPRegen 0.14/turn               (no ring)
                                (no ring)
                                (no ring)

@: no status effects
A: almost no armour, amphibious, 8 rings, camouflage 1, gelatinous body 1,
(nimble swimmer 1), tentacles
a: no special abilities


You were on level 5 of the Dungeon.
You visited 1 branch of the dungeon, and saw 5 of its levels.

You collected 265 gold pieces.

Inventory:

Hand Weapons
 u - a +2 quarterstaff of chaos
 v - a +2 dagger of holy wrath (weapon)
 w - a +2 hand axe of freezing
Magical Staves
 s - a staff of death
Jewellery
 n - a ring of see invisible (left tentacle)
Wands
 i - a wand of mindburst (8)
Scrolls
 b - 5 scrolls of poison {unknown}
 d - a scroll of noise {unknown}
 j - 3 scrolls of butterflies {unknown}
 l - 4 scrolls of identify {unknown}
 m - 2 scrolls of amnesia {unknown}
 p - 2 scrolls of enchant weapon {unknown}
 q - a scroll of blinking {unknown}
 x - a scroll of enchant armour {unknown}
 y - 2 scrolls of teleportation {unknown}
Potions
 c - 2 potions of flight {unknown}
 e - a potion of might {unknown}
 f - a potion of berserk rage {unknown}
 g - 5 potions of curing {unknown}
 h - a potion of ambrosia {unknown}
 k - a potion of mutation {unknown}
 o - 3 potions of attraction {unknown}
 r - a potion of heal wounds {unknown}
 t - a potion of degeneration {unknown}
 z - a potion of lignification {unknown}


   Skills:
 + Level 4.3 Dodging
 + Level 6.2 Stealth
 + Level 4.0 Spellcasting
 + Level 3.9 Conjurations
 + Level 5.0 Fire Magic


You had 8 spell levels left.
You knew the following spells:

 Your Spells              Type           Power      Damage    Failure   Level
a - Foxfire               Conj/Fire      88%        2x1d8     1%          1
b - Scorch                Fire           48%        2d7       2%          2
c - Flame Wave            Conj/Fire      22%        2d8       21%         4

Your spell library contained the following spells:

 Spells                   Type           Power      Damage    Failure   Level
 Conjure Flame            Conj/Fire      22%        6-21      6%          3
 Beastly Appendage        Tmut           8%         N/A       13%         1
 Inner Flame              Hex/Fire       14%        N/A       14%         3
 Blink                    Tloc           8%         N/A       19%         2
 Wereblood                Tmut           4%         N/A       19%         2
 Lesser Beckoning         Tloc           4%         N/A       36%         3
 Ozocubu's Armour         Ice            4%         N/A       36%         3
 Spider Form              Tmut/Pois      4%         N/A       36%         3
 Manifold Assault         Tloc           4%         N/A       98%         5
 Metabolic Englaciation   Hex/Ice        2%         N/A       98%         5
 Summon Forest            Summ/Tloc      2%         N/A       98%         5
 Eringya's Noxious Bog    Tmut/Pois      2%         N/A       100%        6
 Simulacrum               Ice/Necr       2%         N/A       100%        6
 Summon Hydra             Summ           2%         N/A       100%        7


Dungeon Overview and Level Annotations

Branches:
Dungeon (5/15)
 Temple: D:4-7

Altars:
Ashenzari
Fedhas
Makhleb


Innate Abilities, Weirdness & Mutations

You cannot wear most types of armour.
You are amphibious.
You can wear up to eight rings at the same time.
Your skin changes colour to match your surroundings (Stealth+).
Your rubbery body absorbs attacks. (AC +1, EV +1)
((You are camouflaged when in or above water. (Stealth+)))
You have tentacles for arms and can constrict up to eight enemies at once.


Message History

The howler monkey is heavily wounded.
The howler monkey's fire resistance burns away.
Flames lash the howler monkey.
The howler monkey is burned terribly!
The howler monkey is almost dead.
The howler monkey hoots and howls with incredible vigour!
You hear an angry hiss.
Flames lash the howler monkey.
The howler monkey is burned terribly!
You kill the howler monkey!
An ice beast comes into view.
Your Fire Magic skill increases to level 5!
An ice beast is nearby!
Flames lash the ice beast.
The ice beast is lightly wounded.
The ice beast's fire resistance burns away.
Flames lash the ice beast.
The ice beast melts!
The ice beast is lightly wounded.
Flames lash the ice beast.
The ice beast melts!
The ice beast is heavily wounded.
The ice beast barely misses you.
Flames lash the ice beast.
The ice beast melts!
The ice beast is severely wounded.
The ice beast hits you. The ice beast freezes you!
You don't have enough magic to cast this spell.
You barely miss the ice beast.
The ice beast is severely wounded.
The ice beast hits you. The ice beast freezes you.
The ice beast attacks as you move away! The ice beast hits you.
The ice beast freezes you!
Casting: Scorch (safe; 2% risk of failure)
Confirm with . or Enter, or press ? or * to list all spells.
You conjure some foxfire!
The ice beast completely misses you. The ice beast attacks as you move away!
The ice beast hits you. The ice beast freezes you!
* * * LOW HITPOINT WARNING * * *
The foxfire hits the ice beast but does no damage.
The ice beast is severely wounded.
The foxfire hits the ice beast but does no damage.
The ice beast is severely wounded.
Magic courses through your body. The ice beast hits you.
You die...

#.#.# ##.## ....#
#...# #...# #...#
#...### #...# ......#
#...######
...##.#####........#
...##..............##
..................ยง.#
#.###<..........@Y.##
#.###.#####...####.#
......# #........#
#.##### #...###### #.#
##..# #.# ..8 ..# ###


You could see an ice beast (combustible).

Vanquished Creatures
  2 black bears
  2 phantoms (D:5)
  A scorpion (D:4)
  A howler monkey (D:5)
  4 hounds
  An orc priest (D:3)
  2 jellies (D:5)
  Crazy Yiuf (D:3)
  2 iguanas (D:5)
  4 gnolls
  7 adders
  An ufetubus (D:5)
  2 dart slugs
  7 orcs
  6 endoplasms
  3 giant cockroaches
  8 goblins
  8 hobgoblins
  A quokka (D:1)
  9 ball pythons
  2 bats (D:3)
  5 kobolds (D:4)
  4 rats
83 creatures vanquished.

Vanquished Creatures (collateral kills)
  A foxfire (D:1)
1 creature vanquished.

Vanquished Creatures (others)
  352 foxfires
352 creatures vanquished.

Grand Total: 436 creatures vanquished

Notes
Turn   | Place    | Note
-------+----------+-------------------------------------------
     0 | D:1      | senseless the Octopode Fire Elementalist began the quest
                  | for the Orb.
     0 | D:1      | Reached XP level 1. HP: 11/11 MP: 3/3
   290 | D:1      | Reached XP level 2. HP: 17/17 MP: 0/5
   351 | D:1      | Learned a level 2 spell: Scorch
   353 | D:1      | Reached skill level 3 in Stealth
   772 | D:1      | Reached XP level 3. HP: 21/21 MP: 3/6
  2014 | D:2      | Reached XP level 4. HP: 22/27 MP: 3/7
  2237 | D:2      | Learned a level 4 spell: Flame Wave
  2810 | D:3      | Found a runed translucent door.
  2811 | D:3      | Noticed Crazy Yiuf
  3221 | D:3      | Reached XP level 5. HP: 31/31 MP: 4/9
  3344 | D:3      | Reached skill level 4 in Stealth
  3435 | D:3      | Found a broken altar of Ashenzari.
  3536 | D:3      | Killed Crazy Yiuf
  4130 | D:4      | Noticed a black bear
  4137 | D:4      | Killed a black bear
  4138 | D:4      | Reached XP level 6. HP: 36/36 MP: 4/10
  4469 | D:4      | Found a burning altar of Makhleb.
  4469 | D:4      | Noticed an Executioner
  4493 | D:4      | Reached skill level 5 in Stealth
  4909 | D:5      | Entered Level 5 of the Dungeon
  5014 | D:5      | Reached XP level 7. HP: 31/41 MP: 8/12
  5392 | D:5      | Found a blossoming altar of Fedhas.
  5646 | D:5      | Reached skill level 6 in Stealth
  5724 | D:5      | Reached XP level 8. HP: 46/46 MP: 4/14
  5882 | D:5      | Reached skill level 5 in Fire Magic
  5891 | D:5      | HP: 2/46 [ice beast (13)]
  5892 | D:5      | Slain by an ice beast

Illustrated notes

Levels and vault maps discovered:
D:1:      lightli_arrival_quake, layout_rooms, chequers_big_river,
          minmay_misc_feat_square
D:2:      layout_loops_ring, lightli_corner_chamber
D:3:      layout_basic, nicolae_ashenzari_skybound, uniq_crazy_yiuf_cottage
D:4:      layout_cave_pods, makhleb_altar_promises_db
D:5:      kennysheep_steamy, layout_loops_cross, lemuel_tele_altar, st_stairs_6

Skill      XL: |  1  2  3  4  5  6  7  8 |
---------------+-------------------------+-----
Stealth        | 3 4 5 6 |  6.2
Conjurations   | 2 3 |  3.9
Dodging        | 3 4 |  4.3
Spellcasting   | 3 4 |  4.0
Fire Magic     | 4 5 |  5.0

Action                   |  1- 3 |  4- 6 |  7- 9 || total
-------------------------+-------+-------+-------++-------
Melee: Unarmed           |     8 |     3 |       ||    11
       Constrict         |     4 |     2 |       ||     6
       Tentacles         |     2 |     2 |       ||     4
       Punch             |     1 |       |       ||     1
       Dagger            |       |       |     4 ||     4
 Cast: Foxfire           |    68 |   118 |    12 ||   198
       Scorch            |       |     3 |    30 ||    33
  Use: Potion            |       |       |     1 ||     1
Armor: Skin              |     3 |       |     1 ||     4
Dodge: Dodged            |    14 |     7 |    15 ||    36
